AoeStats
← Dog

Arabia

510191255Analyzed
1v1 RM · 1d ago on Sep 29, 2026· 45m 29s· 2 players
Game mode
Random Map
Map size
Tiny (2 player)
Population
200
Speed
Normal
Resources
Standard
Victory
Conquest
Starting age
Dark Age
Ending age
Imperial Age
RankedLock teamsTeams togetherTeam positionsShared explorationLock speedFull tech treeHidden civsTurbo modeCheats
Victory
Defeat
🇺🇸 Persians · United States
998
+19
🇪🇸 Turks · Spain
1053
-19
Dog
5:40 Loom
8:33 Feudal Age
19:09 Castle Age
19:10 Double-Bit Axe
19:13 Horse Collar
22:11 Bloodlines
22:44 Forging
24:22 Scale Barding Armor
28:46 Wheelbarrow
29:43 Parthian Tactics
29:22 Fletching
29:32 Padded Archer Armor
29:09 Crossbowman
30:04 Thumb Ring
31:01 Bodkin Arrow
36:12 Husbandry
36:33 Leather Archer Armor
37:11 Ballistics
45:23 Imperial Age
45:15 Hand Cart
45:11 Murder Holes
46:06 Conscription
Arminius
10:03 Feudal Age
10:38 Loom
15:21 Wheelbarrow
15:06 Double-Bit Axe
21:15 Castle Age
20:56 Fletching
20:55 Double-Bit Axe
21:05 Gold Mining
21:19 Padded Archer Armor
22:40 Bodkin Arrow
25:12 Bloodlines
29:43 Husbandry
30:58 Bow Saw
37:26 Ballistics
38:09 Leather Archer Armor
38:12 Town Watch
42:22 Thumb Ring
42:28 Thumb Ring
44:45 Horse Collar
Connection lost

Rejoining the realm…

Still unreachable

The connection could not be restored.

Session expired

The server has moved on; the page needs a fresh start.